 Dungeon Crawl Stone Soup version 0.27-a0-637-g3a9f0a9c12 (webtiles) character file.

Game seed: 11999478945528156076

135 Drevant2 the Charlatan (level 5, -2/29 HPs)
             Began as a Kobold Artificer on Mar 15, 2021.
             Slain by a worker ant (6 damage)
             ... on level 4 of the Dungeon.
             The game lasted 00:10:02 (6967 turns).

Drevant2 the Charlatan (Kobold Artificer)           Turns: 6967, Time: 00:10:03

Health: -2/29      AC:  3    Str: 10    XL:     5   Next: 41%
Magic:  5/5        EV: 14    Int: 13    God:
Gold:   130        SH:  0    Dex: 15    Spells: 4/4 levels left

rFire    . . .     SeeInvis .   u - +1 hand axe (vorpal)
rCold    . . .     Faith    .   (shield restricted)
rNeg     . . .     Spirit   .   b - +0 leather armour
rPois    .         Reflect  .   (no helmet)
rElec    .         Harm     .   (no cloak)
rCorr    .         Rampage  .   (no gloves)
Will     .....                  (no boots)
Stlth    +++.......             (no amulet)
HPRegen  0.09/turn              (no ring)
MPRegen  0.09/turn              (no ring)

@: lethally poisoned (-2 -> -5)
A: small, no large weapons, nightstalker 3
a: no special abilities


You were on level 4 of the Dungeon.
You visited 1 branch of the dungeon, and saw 4 of its levels.

You collected 130 gold pieces.

Inventory:

Hand Weapons
 a - a +0 club
 g - a +0 whip
 j - a +0 spear of pain
 p - a +0 falchion of holy wrath
 u - a +1 vorpal hand axe (weapon)
Missiles
 i - 3 atropa-tipped darts
Armour
 b - a +0 leather armour (worn)
Jewellery
 n - an amulet of magic regeneration
Wands
 c - a wand of flame (18) (quivered)
 d - a wand of charming (15)
 e - a wand of random effects (14)
 v - a wand of iceblast (7)
Scrolls
 h - 6 scrolls of identify {unknown}
 o - a scroll of amnesia {unknown}
 q - a scroll of fear {unknown}
 r - a scroll of immolation {unknown}
Potions
 f - a potion of flight {unknown}
 k - a potion of curing {unknown}
 l - 2 potions of resistance {unknown}
 m - a potion of magic {unknown}
 s - a potion of haste {unknown}
 t - a potion of berserk rage {unknown}


   Skills:
 - Level 1.1 Fighting
 - Level 0.7 Armour
 - Level 2.4 Dodging
 - Level 1.3 Stealth
 + Level 6.9 Evocations


You had 4 spell levels left.
You didn't know any spells.
Your spell library was empty.

Dungeon Overview and Level Annotations

Branches:
Dungeon (4/15)
 Temple: D:4-7

Altars:
Gozag
Nemelex Xobeh


Innate Abilities, Weirdness & Mutations

You are small and have problems with some larger weapons.
You are completely attuned to the shadows.


Message History

You are too injured to fight recklessly!
You slash the worm!
The worm is almost dead.
The worm closely misses you.
You hit the worm.
You kill the worm!
You start resting.
You hear the slow hiss of a very distant avalanche of sand.
You start resting.
You hear the slow hiss of a very distant avalanche of sand.
You start resting.
You hear the hiss of a very distant avalanche of sand.
A worker ant comes into view.
The helpless worker ant fails to defend itself.
You hit the worker ant.
The worker ant is moderately wounded.
The worker ant bites you!
You are poisoned.
The worker ant poisons you! The worker ant bites you.
You completely miss the worker ant.
The worker ant is moderately wounded.
You feel sick. The worker ant completely misses you.
You hit the worker ant but do no damage.
The worker ant is moderately wounded.
You feel sick. The worker ant barely misses you. The worker ant bites you.
* * * LOW HITPOINT WARNING * * *
You barely miss the worker ant.
The worker ant is moderately wounded.
* * * LOW HITPOINT WARNING * * *
You feel sick.
The worker ant bites you but does no damage.
You slash the worker ant!
The worker ant is almost dead.
The worker ant bites you but does no damage.
The worker ant misses you.
You hit the worker ant but do no damage.
The worker ant is severely wounded.
* * * LOW HITPOINT WARNING * * *
You feel sick. The worker ant barely misses you. The worker ant bites you.
You die...

####.####
#.<.....#
#.......#
###.......#
..........#
##........#
.###........#
............#
.######@####
...B.# ######


You could see a worker ant.

Vanquished Creatures
  Crazy Yiuf (D:3)
  An adder (D:2)
  4 worms
  3 dart slugs
  3 leopard geckos (D:1)
  2 ball pythons
  5 giant cockroaches
  8 goblins
  5 hobgoblins
  8 jackals
  2 quokkas (D:2)
  11 bats
  4 frilled lizards
  5 kobolds
  13 rats
75 creatures vanquished.

Notes
Turn   | Place    | Note
-------+----------+-------------------------------------------
     0 | D:1      | Drevant2 the Kobold Artificer began the quest for the Orb.
     0 | D:1      | Reached XP level 1. HP: 12/12 MP: 1/1
    58 | D:1      | Reached skill level 4 in Evocations
    66 | D:1      | Reached XP level 2. HP: 14/16 MP: 2/2
   850 | D:1      | Reached XP level 3. HP: 10/20 MP: 3/3
  1225 | D:1      | Reached skill level 5 in Evocations
  2107 | D:2      | Reached XP level 4. HP: 8/25 MP: 4/4
  3188 | D:2      | Reached skill level 6 in Evocations
  4584 | D:2      | Found an opulent altar of Gozag.
  4584 | D:2      | Found a sparkling altar of Nemelex Xobeh.
  5776 | D:3      | Found a faded altar of an unknown god.
  5893 | D:3      | Found a runed translucent door.
  5896 | D:3      | Noticed Crazy Yiuf
  6084 | D:3      | Reached XP level 5. HP: 28/29 MP: 5/5
  6611 | D:3      | Killed Crazy Yiuf
  6967 | D:4      | Slain by a worker ant

Illustrated notes

Levels and vault maps discovered:
D:1:      amcnicky_arrival_single_pillar, layout_loops_ring,
          ebering_dispersal_statue_hall, minmay_liquid_box,
          hangedman_abyss_or_decor_stabs
D:2:      layout_basic, grunt_temple_overflow_opulence
D:3:      layout_basic, portal_sewer_entry_b,
          chequers_ecumenical_altar_simple_redux, uniq_crazy_yiuf_cottage
D:4:      layout_loops_ring, marbit_many_paths, chequers_ossuary_entry_cave,
          minivault_27, cheibrodos_ashenzari_chains, uniq_pikel, uniq_natasha,
          uniq_menkaure, uniq_blork_the_orc

Skill      XL: |  1  2  3  4 |
---------------+-------------+-----
Evocations     | 4 5 6 |  6.9
Fighting       | |  1.1
Armour         | |  0.7
Dodging        | |  2.4
Stealth        | |  1.3

Action                   |  1- 3 |  4- 6 || total
-------------------------+-------+-------++-------
Melee: Club              |    74 |       ||    74
       Spear             |    53 |   198 ||   251
       Whip              |    38 |       ||    38
       Falchion          |       |    21 ||    21
       Hand axe          |       |    21 ||    21
Evoke: Wand              |       |    10 ||    10
 Stab: Sleeping          |    12 |    18 ||    30
       Distracted        |     1 |       ||     1
       Paralysed         |       |     4 ||     4
Armor: Leather armour    |    32 |    34 ||    66
Dodge: Dodged            |   133 |   144 ||   277
       Rpst.: Falchion   |       |     4 ||     4

Table legend: (Time is in decaauts)
 A = Elapsed time spent in this place.
 B = Non-inter-level travel time spent in this place.
 C = Inter-level travel time spent in this place.
 D = Time resting spent in this place.
 E = Time spent auto-exploring this place.
 F = Levels seen in this place.
 G = Mean time per level.
                   A        B        C        D        E       F      G
               +--------+--------+--------+--------+--------+-----+--------+
         Total |   7032 |   6530 |    502 |   2973 |   2695 |   4 | 1758.0 |
       Dungeon |   7032 |   6530 |    502 |   2973 |   2695 |   4 | 1758.0 |
               +--------+--------+--------+--------+--------+-----+--------+

Top non-repeatable levels by time:
     D:2: 3196 daAuts
     D:1: 2067 daAuts
     D:3: 1557 daAuts
     D:4: 211 daAuts
